 Dungeon Crawl Stone Soup version 0.22-a0-274-gf8199ec (webtiles) character file.

15 Amnesiac the Magician (level 2, 0/21 HPs)
             Began as a Mummy Wizard on Mar 13, 2018.
             Slain by a worm (10 damage)
             ... on level 2 of the Dungeon.
             The game lasted 00:01:01 (980 turns).

Amnesiac the Magician (Mummy Wizard)                 Turns: 980, Time: 00:01:02

Health: 0/21       AC:  2    Str: 10    XL:     2   Next: 34%
Magic:  7/7        EV: 12    Int: 17    God:
Gold:   18         SH:  0    Dex: 10    Spells: 6/9 levels left

rFire    x . .     SeeInvis .   g - +0 hunting sling
rCold    + . .     Gourm    .   (no shield)
rNeg     + + +     Faith    .   a - +0 robe
rPois    ∞         Spirit   .   b - +0 hat
rElec    .         Reflect  .   (no cloak)
rCorr    .         Harm     .   (no gloves)
MR       .....                  (no boots)
Stlth    ++........             (no amulet)
HPRegen  0.07/turn              (no ring)
MPRegen  0.10/turn              (no ring)

@: no status effects
A: no food or potions, fire vulnerability, cold resistance 1, negative energy
resistance 3, torment resistance, unbreathing
a: no special abilities


You were on level 2 of the Dungeon.
You were not hungry.

You visited 1 branch of the dungeon, and saw 2 of its levels.

You collected 18 gold pieces.

Inventory:

Hand Weapons
 g - a +0 hunting sling (weapon)
Missiles
 h - 7 stones (quivered)
Armour
 a - a +0 robe (worn)
 b - a +0 hat (worn)
Scrolls
 c - a scroll of random uselessness {!r, unknown}
 d - a scroll of remove curse {!r, unknown}
 e - a scroll of enchant weapon {!r, unknown}
 f - 2 scrolls of identify {!r, unknown}


   Skills:
 + Level 1.2 Fighting
 * Level 1.9 Dodging
 - Level 1.5 Stealth
 - Level 4.0 Spellcasting
 - Level 1.0 Conjurations
 - Level 0.7 Summonings
   Level 0.7 Translocations


You had 6 spell levels left.
You knew the following spells:

 Your Spells              Type           Power        Failure   Level  Hunger
a - Magic Dart            Conj           #...         10%         1    N/A
b - Call Imp              Summ           #.......     19%         2    N/A

Dungeon Overview and Level Annotations

Branches:
Dungeon (2/15)

Altars:


Innate Abilities, Weirdness & Mutations

You do not eat or drink.
Your flesh is vulnerable to fire.
You are immune to poison.
Your flesh is cold resistant. (rC+)
You are immune to negative energy. (rN+++)
You are immune to unholy pain and torment.
You can survive without breathing.


Message History

A worm comes into view.
Firing (i - inventory)
h - 19 stones (quivered)
Press: ? - help, Shift-Dir - straight line, f - worm
Aim: a worm (hasn't noticed you)
You shoot a stone. The stone barely misses the worm.
Firing (i - inventory)
h - 18 stones (quivered)
Press: ? - help, Shift-Dir - straight line, f/p - worm
Aim: a worm You shoot a stone.
The stone hits the worm but does no damage.
Firing (i - inventory)
h - 17 stones (quivered)
Press: ? - help, Shift-Dir - straight line, f/p - worm
Aim: a worm You shoot a stone.
The stone hits the worm.
The worm is moderately wounded.
Firing (i - inventory)
h - 16 stones (quivered)
Press: ? - help, Shift-Dir - straight line, f/p - worm
Aim: a worm (moderately wounded)
You shoot a stone. The stone hits the worm.
The worm is heavily wounded.
Firing (i - inventory)
h - 15 stones (quivered)
Press: ? - help, Shift-Dir - straight line, f/p - worm
Aim: a worm (heavily wounded)
You shoot a stone.
The stone hits the worm but does no damage.
The worm is heavily wounded.
Firing (i - inventory)
h - 14 stones (quivered)
Press: ? - help, Shift-Dir - straight line, f/p - worm
Aim: a worm (heavily wounded)
You shoot a stone. The stone barely misses the worm.
Firing (i - inventory)
h - 13 stones (quivered)
Press: ? - help, Shift-Dir - straight line, f/p - worm
Aim: a worm (heavily wounded)
You shoot a stone. The stone barely misses the worm.
Firing (i - inventory)
h - 12 stones (quivered)
Press: ? - help, Shift-Dir - straight line, f/p - worm
Aim: a worm (moderately wounded)
You shoot a stone. The stone barely misses the worm.
Firing (i - inventory)
h - 11 stones (quivered)
Press: ? - help, Shift-Dir - straight line, f/p - worm
Aim: a worm (moderately wounded)
You shoot a stone. The stone hits the worm.
The worm is severely wounded.
Firing (i - inventory)
h - 10 stones (quivered)
Press: ? - help, Shift-Dir - straight line, f/p - worm
Aim: a worm (severely wounded)
You shoot a stone. The stone hits the worm.
The worm is severely wounded.
The worm bites you!
Ouch! That really hurt!
* * * LOW HITPOINT WARNING * * *
Firing (i - inventory)
h - 9 stones (quivered)
Press: ? - help, Shift-Dir - straight line, f/p - worm
Aim: a worm (severely wounded)
You shoot a stone. The stone hits the worm.
The worm is severely wounded.
The worm barely misses you.
Firing (i - inventory)
h - 8 stones (quivered)
Press: ? - help, Shift-Dir - straight line, f/p - worm
Aim: a worm (severely wounded)
You shoot a stone. The stone hits the worm.
The worm is severely wounded.
The worm bites you!
You die...

### #...
#.#.###
#.....#####.#
#....@.......
#(..w.!....##
........#(####
........#^#
...(..... #
..(.....#
#(####### #(


You could see a worm.

Vanquished Creatures
  A giant cockroach (D:1)
  4 goblins
  3 bats (D:1)
  2 frilled lizards
  2 kobolds (D:1)
  4 rats
16 creatures vanquished.

Vanquished Creatures (others)
  5 toadstools (D:1)
5 creatures vanquished.

Grand Total: 21 creatures vanquished

Notes
Turn   | Place    | Note
-------+----------+-------------------------------------------
     0 | D:1      | Amnesiac the Mummy Wizard began the quest for the Orb.
     0 | D:1      | Reached XP level 1. HP: 13/13 MP: 5/5
    31 | D:1      | Reached skill level 1 in Conjurations
   423 | D:1      | Reached skill level 1 in Fighting
   621 | D:1      | Reached XP level 2. HP: 21/21 MP: 7/7
   644 | D:1      | Learned a level 2 spell: Call Imp
   980 | D:2      | Slain by a worm

Vault maps used:
D:1:      ldierk_walled_garden
D:2:      zin_purify, corexii_corridor_pit

Skill      XL: |  1 |
---------------+----+-----
Conjurations   | 1 |  1.0
Fighting       | 1 |  1.2
Dodging        | |  1.9
Stealth        | |  1.5
Spellcasting   | |  4.0
Summonings     | |  0.7
Translocations | |  0.7

Action                   || total
-------------------------++-------
Melee: Unarmed           ||     1
 Fire: Hunting sling     ||    31
 Cast: Magic Dart        ||    16
Armor: Robe              ||     1
Dodge: Dodged            ||    11

Table legend:
 A = Spawn XP
 B = Non-spawn XP
 C = Spawn XP percentage of total XP
 D = Spawn monster count
 E = Non-spawn monster count
 F = Spawn count percentage of total count
 G = Total turns spent on level
                    A         B        C        D         E        F      G
               +---------+---------+-------+---------+---------+-------+---------
         Total |       0 |      22 |   0.0 |       0 |      16 |   0.0 |   980
               +---------+---------+-------+---------+---------+-------+---------
           D:1 |       0 |      19 |   0.0 |       0 |      13 |   0.0 |   964
           D:2 |       0 |       3 |   0.0 |       0 |       3 |   0.0 |    16
               +---------+---------+-------+---------+---------+-------+---------
